 Dungeon Crawl Stone Soup version 0.29.1-13-g9f3cf754e1 (webtiles) character file.

Game seed: 17506328462490756006

137 Dillybarz the Covered (level 5, -1/47 HPs)
             Began as a Minotaur Fighter on Jan 25, 2023.
             Slain by a gnoll
             ... wielding a +0 halberd
             ... led by a gnoll bouda
              (7 damage)
             ... on level 3 of the Dungeon on Feb 10, 2023.
             The game lasted 00:14:26 (2240 turns).

Dillybarz the Covered (Minotaur Fighter)            Turns: 2240, Time: 00:14:26

Health: -1/47      AC: 15    Str: 23    XL:     5   Next: 0%
Magic:  4/4        EV:  6    Int:  5    God:
Gold:   157        SH:  4    Dex:  9    Spells: 4/4 levels left

rFire   + . .      SeeInvis .   a - +0 war axe
rCold   . . .      Faith    .   c - +0 buckler
rNeg    . . .      Spirit   .   h - +0 plate armour
rPois   .          Reflect  .   (helmet restricted)
rElec   .          Harm     .   w - +0 cloak
rCorr   .          Rampage  .   p - +1 pair of gloves
Will    .....                   (no boots)
Stlth   ..........              (no amulet)
HPRegen 0.15/turn               l - ring of protection from fire
MPRegen 0.09/turn               (no ring)

@: no status effects
A: horns 2, retaliatory headbutt
a: no special abilities


You were on level 3 of the Dungeon.
You visited 1 branch of the dungeon, and saw 3 of its levels.

You collected 157 gold pieces.

Inventory:

Hand Weapons
 a - a +0 war axe (weapon)
 i - a +0 broad axe
Armour
 c - a +0 buckler (worn)
 h - a +0 plate armour (worn)
 p - a +1 pair of gloves (worn)
 w - a +0 cloak (worn)
Jewellery
 l - a ring of protection from fire (left hand)
 v - the ring "Unesoakasu" {*Corrode rN+++ MP+9 Str-5 Slay+4}
   (You found it on level 2 of the Dungeon)

   [ring of slaying]

   Str:       It affects your strength (-5).
   Slay:      It affects your accuracy & damage with ranged weapons and melee
   (+4).
   rN:        It renders you almost immune to negative energy.
   MP:        It affects your magic capacity (+9).
   *Corrode:  It may corrode you when you take damage.
Scrolls
 e - a scroll of identify {unknown}
 g - a scroll of amnesia {unknown}
 m - a scroll of silence {unknown}
 t - a scroll of immolation {unknown}
 u - a scroll of blinking {unknown}
Potions
 d - a potion of might
 f - a potion of berserk rage {unknown}
 j - a potion of lignification {unknown}
 k - a potion of attraction {unknown}
 n - a potion of flight {unknown}
 o - a potion of brilliance {unknown}
 q - a potion of curing {unknown}
 r - 2 potions of invisibility {unknown}
 s - a potion of heal wounds {unknown}


   Skills:
 + Level 4.4 Fighting
 * Level 4.3 Axes
 + Level 4.5 Armour
 + Level 4.4 Shields


You had 4 spell levels left.
You didn't know any spells.
Your spell library was empty.

Dungeon Overview and Level Annotations

Branches:
Dungeon (3/15)

Altars:

Shops:
D:1 *


Innate Abilities, Weirdness & Mutations

You have a pair of horns on your head.
You reflexively headbutt those who attack you in melee.


Message History

The gnoll barely misses you. The gnoll hits you but does no damage.
The gnoll bouda utters an invocation to its god.
The gnoll bouda is healed somewhat.
You hit the gnoll bouda. Your headbutt misses the gnoll bouda.
The gnoll bouda is severely wounded.
The gnoll barely misses you.
The gnoll hits you from afar with a +0 halberd!
The gnoll bouda hits you but does no damage.
The gnoll barely misses you. The gnoll hits you but does no damage.
The gnoll bouda hits you with a +0 club.
You hit the gnoll bouda but do no damage.
The gnoll bouda is severely wounded.
Your attacks no longer feel as feeble.
The gnoll closely misses you.
The gnoll hits you from afar with a +0 halberd.
The gnoll bouda hits you but does no damage.
You slash the gnoll bouda!
You kill the gnoll bouda!
The gnoll is no longer moving quickly.
The gnoll hits you from afar with a +0 halberd!
* * * LOW HITPOINT WARNING * * *
The gnoll throws a throwing net.
The throwing net barely misses you.
The gnoll is no longer moving quickly.
The gnoll attacks as you move away! The gnoll hits you but does no damage.
The gnoll attacks as you move away! The gnoll hits you but does no damage.
You closely miss the gnoll. Your headbutt misses the gnoll.
The gnoll hits you with a +0 whip.
* * * LOW HITPOINT WARNING * * *
You slash the gnoll! Your headbutt misses the gnoll.
The gnoll is almost dead.
The gnoll hits you but does no damage. The gnoll closely misses you.
The gnoll hits you with a +0 whip.
* * * LOW HITPOINT WARNING * * *
The gnoll closely misses you.
You hit the gnoll.
You kill the gnoll!
The gnoll hits you but does no damage.
You have reached level 5!
The gnoll hits you with a +0 halberd!
You die...

#.##..<........
#..............
#.#####g######.
#(# ####g#
#....# #g####
#g# #@# #.# #.#
... #.### #. ~~
≈≈ ≈♣♣


You could see 2 gnolls.

Vanquished Creatures
  A gnoll bouda (D:3)
  4 adders (D:2)
  2 gnolls (D:3)
  4 worms (D:2)
  5 endoplasms
  4 giant cockroaches
  A hobgoblin (D:1)
  4 ball pythons (D:2)
  5 bats
  4 frilled lizards
  5 goblins
  3 kobolds
  4 rats
46 creatures vanquished.

Notes
Turn   | Place    | Note
-------+----------+-------------------------------------------
     0 | D:1      | Dillybarz the Minotaur Fighter began the quest for the Orb.
     0 | D:1      | Reached XP level 1. HP: 19/19 MP: 0/0
   207 | D:1      | Reached XP level 2. HP: 27/27 MP: 1/1
   293 | D:1      | Found Dimoh's General Store.
   978 | D:2      | Reached XP level 3. HP: 33/33 MP: 2/2
  1561 | D:2      | Reached XP level 4. HP: 31/40 MP: 3/3
  1754 | D:2      | Identified the ring "Unesoakasu" {*Corrode rN+++ MP+9 Str-5
                  | Slay+4}
  2238 | D:3      | Reached XP level 5. HP: 6/47 MP: 4/4
  2240 | D:3      | Slain by a gnoll

Illustrated notes

Levels and vault maps discovered:
D:1:      saegor_arrival_miasma, layout_loops_ring, serial_shops, shop
D:2:      minmay_general_purpose_star, layout_loops_corners, nicolae_wormholes
D:3:      layout_loops_ring, nzn_wu_jian_contemplation, gup_sewer_entry_bubbles,
          kennysheep_boxes, uniq_robin

Skill      XL: |  1  2  3  4 |
---------------+-------------+-----
Axes           | 3 4 |  4.3
Fighting       | 4 |  4.4
Armour         | 4 |  4.5
Shields        | 4 |  4.4

Action                   |  1- 3 |  4- 6 || total
-------------------------+-------+-------++-------
Melee: War axe           |    31 |    12 ||    43
       Headbutt          |     6 |     5 ||    11
       Broad axe         |    52 |    26 ||    78
Armor: Scale mail        |    20 |       ||    20
       Plate armour      |    38 |    30 ||    68
Dodge: Dodged            |    30 |    17 ||    47
Block: Buckler           |    20 |     9 ||    29
